AoeStats
← [Massa] Edo

African Clearing

504828022Analyzed
2v2 RM · 26d ago on Sep 6, 2026· 24m 29s· 4 players
Game mode
Random Map
Map size
Medium (4 player)
Population
200
Speed
Normal
Resources
Standard
Victory
Conquest
Starting age
Dark Age
Ending age
Imperial Age
RankedLock teamsTeams togetherTeam positionsShared explorationLock speedFull tech treeHidden civsTurbo modeCheats
Victory
Defeat
🇫🇷 Huns · France
1531
+12
🇫🇷 Mongols · France
1519
+12
1460
-13
🇧🇷 Mongols · Brazil
1419
-11
[Massa] Edo
9:49 Loom
12:07 Feudal Age
16:14 Castle Age
16:01 Double-Bit Axe
Atos 4:12 | João 14:6
4:07 Loom
12:09 Feudal Age
12:44 Double-Bit Axe
19:26 Castle Age
19:45 Fletching
19:33 Elite Skirmisher
23:31 Bodkin Arrow
Valight
6:27 Loom
13:01 Feudal Age
16:46 Castle Age
14:41 Double-Bit Axe
14:55 Fletching
17:36 Bodkin Arrow
Achille
10:00 Loom
11:57 Feudal Age
13:18 Double-Bit Axe
13:41 Horse Collar
23:45 Castle Age
22:12 Scale Barding Armor
22:40 Bloodlines
23:47 Light Cavalry
Connection lost

Rejoining the realm…

Still unreachable

The connection could not be restored.

Session expired

The server has moved on; the page needs a fresh start.